 Dungeon Crawl Stone Soup version 0.19.0-2-gae57169 (webtiles) character file.

4020 Patchouli the Basher (level 10, -18/94 HPs)
             Began as a Gargoyle Fighter on Nov 3, 2016.
             Was a High Priest of Okawaru.
             Demolished by an ice devil (19 damage)
             ... in an ice cave.
             The game lasted 00:28:23 (3331 turns).

Patchouli the Basher (Gargoyle Fighter)             Turns: 3331, Time: 00:28:24

Health: -18/94     AC: 28    Str: 29    XL:     10   Next: 23%
Magic:  14/14      EV:  7    Int:  8    God:    Okawaru [*****.]
Gold:   269        SH: 11    Dex:  9    Spells: 0 memorised, 9 levels left

rFire  . . .     SeeInvis .     k - +1 mace (protect)
rCold  . . .     Gourm    .     F - +3 chain mail
rNeg   + . .     Faith    +     c - +0 shield
rPois  ∞         Spirit   .     (no helmet)
rElec  +         Reflect  .     (no cloak)
rCorr  .         Harm     .     t - +0 pair of gloves
MR     ++...                    (no boots)
Stlth  ..........               N - amulet of faith
                                H - ring of protection from magic
                                g - ring of protection from magic

@: berserking, protection aura, very quick
A: negative energy resistance 1, electricity resistance, unbreathing,
petrification resistance, rot immunity, AC +7
a: Heroism, Finesse, Renounce Religion


You were in an ice cave.
You worshipped Okawaru.
Okawaru was extremely pleased with you.
You were hungry.

You visited 3 branches of the dungeon, and saw 13 of its levels.
You also visited: Ice Cave.

You collected 269 gold pieces.

Inventory:

Hand Weapons
 a - a +0 flail
 j - a +0 whip of pain
 k - a +1 mace of protection (weapon)
 u - a +1 short sword of venom
Missiles
 J - 4 tomahawks
 R - 8 steel tomahawks (quivered)
Armour
 b - a +0 scale mail
 c - a +0 shield (worn)
 t - a +0 pair of gloves (worn)
 A - a +0 chain mail
 F - a +3 chain mail (worn)
Jewellery
 g - a ring of protection from magic (left hand)
 H - a ring of protection from magic (right hand)
 N - an amulet of faith (around neck)
Wands
 d - a wand of lightning (0/15)
 x - a wand of iceblast (5/15)
 C - a wand of lightning (0/15)
 D - a wand of iceblast (2/15)
 K - a wand of polymorph (6/24)
 O - a wand of heal wounds (0/9)
 P - a wand of digging (11/24)
 Q - a wand of random effects (4/48)
 S - a wand of flame (20/48)
 V - a wand of teleportation (5/9)
Scrolls
 e - 3 scrolls of teleportation
 y - a scroll of fog {unknown}
 z - a scroll of magic mapping {unknown}
 B - 2 scrolls of recharging {unknown}
 G - 4 scrolls of identify
 L - a scroll of enchant armour {unknown}
 M - a scroll of blinking {unknown}
Potions
 i - 2 potions of degeneration
 l - a potion of brilliance {unknown}
 m - 3 potions of heal wounds {unknown}
 n - 2 potions of lignification {unknown}
 o - a potion of cancellation {unknown}
 p - a potion of mutation {unknown}
 r - 2 potions of berserk rage
 s - 2 potions of flight {unknown}
 v - a potion of ambrosia {unknown}
 w - 3 potions of curing
 E - a potion of haste {unknown}
 I - a potion of cure mutation {unknown}
 T - a potion of might
Comestibles
 f - 3 bread rations
 h - a beef jerky
 q - 6 meat rations


   Skills:
 + Level 7.0 Fighting
 * Level 8.3 Maces & Flails
 + Level 6.9 Armour
 + Level 7.5 Shields
 * Level 6.1 Evocations


You had 9 spell levels left.
You didn't know any spells.

Dungeon Overview and Level Annotations

Branches:
Dungeon (9/15)             Temple (1/1) D:4            Lair (3/6) D:9
  Swamp: Lair:2-4    Shoals: Lair:2-4     Snake: Lair:2-4    Spider: Lair:2-4
    Orc: D:9-12

Altars:
Fedhas
Gozag
Hepliaklqana
Kikubaaqudgha
Okawaru
Ru
Sif Muna
Uskayaw
Xom
Yredelemnul
Zin
The Shining One

Shops:
D:7 [=(

Annotations:
D:3 Grinder, Natasha


Innate Abilities, Weirdness & Mutations

You are resistant to torment.
Your stone body is resilient. (AC +7)
You are immune to poison.
You resist negative energy. (rN+)
You are resistant to electric shocks. (rElec)
You can survive without breathing.
You are immune to petrification.
You are immune to rotting.


Message History

Okay, then.
It was a potion of berserk rage.
A red film seems to cover your vision as you go berserk!
You feel yourself moving faster!
You feel mighty! Something hits you but does no damage.
You miss something. Something hits you but does no damage.
You sock something!
Your weapon exudes an aura of protection.
Something hits you but does no damage.
You hit something but do no damage. Something hits you but does no damage.
You closely miss something. Something hits you but does no damage.
You closely miss something. Something hits you.
* * * LOW HITPOINT WARNING * * *
Something freezes you!
* * * LOW HITPOINT WARNING * * *
You barely miss something. Something hits you but does no damage.
You miss something. Something hits you!
* * * LOW HITPOINT WARNING * * *
Something freezes you!!
You die...

#### . ##..######
....
##....##..##.....
#................
#..∩∩............
#.......##.......
##.@{.### ##.....
##..## #.... ####
.... ... ..


There were no monsters in sight!

Vanquished Creatures
  A black mamba (Lair:2)
  2 spiny frogs (Lair:2)
  A komodo dragon (D:9)
  2 ice devils (IceCv)
  2 rime drakes (Lair:2)
  A hornet (D:9)
  A water moccasin (Lair:2)
  An orc warrior (D:7)
  A porcupine (Lair:3)
  An ice beast (D:7)
  An ogre (D:8)
  A phantom (D:4)
  A centaur (D:9)
  3 bullfrogs
  3 killer bees (D:7)
  4 wights (D:7)
  3 crimson imps
  4 hounds
  A bullfrog zombie (D:9)
  An orc wizard (D:8)
  A centaur skeleton (D:5)
  An orc priest (D:8)
  A bullfrog skeleton (D:4)
  An iguana (D:5)
  2 worker ants
  Ijyb (D:2)
  A hound zombie (D:7)
  3 gnolls (D:2)
  7 adders
  3 shadow imps
  2 worms (D:2)
  2 dart slugs (D:2)
  3 leopard geckos
  13 orcs
  A ball python (D:2)
  3 bats
  3 giant cockroaches
  4 jackals (D:5)
  7 kobolds
  A quokka (D:8)
  4 frilled lizards
  5 goblins
  A leopard gecko skeleton (D:4)
  4 rats
109 creatures vanquished.

Vanquished Creatures (others)
  A water moccasin (Lair:2)
  A plant (D:9)
2 creatures vanquished.

Grand Total: 111 creatures vanquished

Notes
Turn   | Place    | Note
-------+----------+-------------------------------------------
     0 | D:1      | Patchouli the Gargoyle Fighter began the quest for the Orb.
     0 | D:1      | Reached XP level 1. HP: 14/14 MP: 1/1
    77 | D:2      | Reached XP level 2. HP: 8/19 MP: 2/2
   158 | D:3      | Noticed Grinder
   158 | D:3      | Noticed Natasha
   294 | D:2      | Reached XP level 3. HP: 19/24 MP: 3/3
   339 | D:2      | Noticed Ijyb
   355 | D:2      | Killed Ijyb
   535 | D:2      | Reached XP level 4. HP: 22/29 MP: 4/4
   759 | D:2      | Reached skill level 3 in Maces & Flails
   785 | D:2      | Reached XP level 5. HP: 15/33 MP: 5/5
  1002 | D:4      | Found a staircase to the Ecumenical Temple.
  1040 | Temple   | Entered the Ecumenical Temple
  1076 | Temple   | Became a worshipper of Warmaster Okawaru
  1091 | D:4      | Noticed a phantom
  1165 | D:4      | Killed a phantom
  1165 | D:4      | Reached skill level 5 in Shields
  1165 | D:4      | Reached XP level 6. HP: 20/39 MP: 6/6
  1216 | D:5      | Entered Level 5 of the Dungeon
  1231 | D:5      | Reached * piety under Okawaru
  1247 | D:5      | Reached skill level 4 in Maces & Flails
  1413 | D:7      | Noticed an orc warrior
  1431 | D:7      | Killed an orc warrior
  1431 | D:7      | Reached skill level 1 in Evocations
  1431 | D:7      | Reached XP level 7. HP: 29/44 MP: 4/7
  1464 | D:7      | Found Jafuthou's Gadget Boutique.
  1564 | D:7      | Reached skill level 5 in Maces & Flails
  1587 | D:7      | Reached ** piety under Okawaru
  1630 | D:7      | Reached skill level 5 in Fighting
  1630 | D:7      | Reached XP level 8. HP: 39/49 MP: 7/9
  1641 | D:7      | Reached skill level 5 in Armour
  1737 | D:7      | Found a deep blue altar of Sif Muna.
  1805 | D:7      | Found Ufanero's Jewellery Emporium.
  1874 | D:7      | Found Dische Refao's Antique Armour Boutique.
  1904 | D:7      | Found Luemn's Antique Weapon Shoppe.
  2323 | D:8      | Reached skill level 6 in Maces & Flails
  2338 | D:9      | Noticed a hornet
  2357 | D:9      | Killed a hornet
  2507 | D:9      | Found a staircase to the Lair.
  2508 | D:9      | Noticed a komodo dragon
  2530 | D:9      | Killed a komodo dragon
  2530 | D:9      | Reached *** piety under Okawaru
  2530 | D:9      | Reached XP level 9. HP: 26/55 MP: 10/12
  2678 | Lair:1   | Entered Level 1 of the Lair of Beasts
  2832 | Lair:2   | Noticed a spiny frog
  2838 | Lair:2   | Killed a spiny frog
  2838 | Lair:2   | Received a gift from Okawaru
  2838 | Lair:2   | Reached skill level 7 in Maces & Flails
  2911 | Lair:2   | Found a frozen archway.
  2911 | Lair:2   | Noticed a rime drake
  2911 | Lair:2   | Noticed a rime drake
  2925 | Lair:2   | Killed a rime drake
  2939 | Lair:2   | Killed a rime drake
  2939 | Lair:2   | Reached **** piety under Okawaru
  2939 | Lair:2   | Reached skill level 5 in Evocations
  3006 | Lair:2   | Noticed a black mamba
  3013 | Lair:2   | Killed a black mamba
  3023 | Lair:2   | Noticed a spiny frog
  3027 | Lair:2   | Killed a spiny frog
  3027 | Lair:2   | Reached ***** piety under Okawaru
  3027 | Lair:2   | Reached XP level 10. HP: 32/61 MP: 11/14
  3060 | Lair:2   | Reached skill level 8 in Maces & Flails
  3191 | IceCv    | Entered an ice cave
  3331 | IceCv    | HP: 1/94 [something (7)]
  3331 | IceCv    | Demolished by an ice devil

Skill      XL: |  1  2  3  4  5  6  7  8  9 10 |
---------------+-------------------------------+-----
Shields        | 4 5 6 7 |  7.5
Maces & Flails | 3 4 5 6 7 8 |  8.3
Fighting       | 4 5 6 7 |  7.0
Armour         | 4 5 6 |  6.9
Evocations     | 1 2 4 5 6 |  6.1

Action                   |  1- 3 |  4- 6 |  7- 9 | 10-12 || total
-------------------------+-------+-------+-------+-------++-------
Melee: Flail             |    36 |       |       |       ||    36
       Whip              |    90 |    96 |       |       ||   186
       Mace              |       |   131 |   323 |    54 ||   508
Invok: Heroism           |       |     1 |    11 |     4 ||    16
Evoke: Wand              |       |     5 |    16 |    10 ||    31
  Use: Potion            |       |     3 |       |     1 ||     4
       Scroll            |       |     4 |     2 |       ||     6
  Eat: Chunk             |       |     2 |     6 |     1 ||     9
Armor: Scale mail        |    56 |   123 |    68 |       ||   247
       Chain mail        |       |       |   110 |    25 ||   135
Dodge: Dodged            |    34 |    69 |    97 |     8 ||   208
Block: Shield            |    47 |   100 |   230 |    24 ||   401
